 Dungeon Crawl Stone Soup version 0.30.1-9-gdf580d7c3d (webtiles) character file.

Game seed: 18279761000632684676

11996 boopmooplesden the Carver (level 11, -26/97 HPs)
             Began as a Minotaur Fighter on Sept 26, 2023.
             Was a High Priest of Okawaru.
             Killed from afar by a wizard (42 damage)
             ... with a fireball
             ... on level 10 of the Dungeon.
             The game lasted 00:13:35 (10508 turns).

boopmooplesden the Carver (Minotaur Fighter)       Turns: 10508, Time: 00:13:35

Health: -26/97     AC: 15    Str: 24    XL:     11   Next: 56%
Magic:  19/19      EV: 11    Int: 11    God:    Okawaru [*****.]
Gold:   380        SH: 18    Dex: 14    Spells: 10/10 levels left

rFire   . . .        D - +8 long sword "Dynank" {speed, Str+3 Int+3}
rCold   + . .        q - +2 tower shield
rNeg    . . .        r - +3 scale mail {rC+}
rPois   +            (helmet restricted)
rElec   .            (no cloak)
rCorr   .            (no gloves)
SInv    .            C - +2 pair of boots {Stlth+}
Will    .....        (no amulet)
Stlth   ++           e - ring "Kozimiel" {Wiz rPois MP+9 Int+3}
HPRegen 0.36/turn    (no ring)
MPRegen 0.16/turn

%: wizardry (x1)
@: no status effects
A: horns 2, retaliatory headbutt
a: Renounce Religion, Heroism, Finesse, Duel


You were on level 10 of the Dungeon.
You worshipped Okawaru.
Okawaru was extremely pleased with you.
You visited 2 branches of the dungeon, and saw 11 of its levels.

You collected 724 gold pieces.
You spent 344 gold pieces at shops.

Inventory:

Hand Weapons
 a - a +2 long sword of freezing
 p - a +1 long sword of freezing
 D - the +8 long sword "Dynank" (weapon) {speed, Str+3 Int+3}
   (You found it on level 8 of the Dungeon)

   Str:       It affects your strength (+3).
   Int:       It affects your intelligence (+3).
Missiles
 s - 2 throwing nets (quivered)
 B - 2 atropa-tipped darts
Armour
 b - a +0 scale mail
 c - a +0 buckler
 q - a +2 tower shield (worn)
 r - a +3 scale mail of cold resistance (worn)
 C - a +2 pair of boots of stealth (worn)
 E - the +0 hat of Mental Paralysis {Slay+2}
   (Okawaru gifted it to you on level 10 of the Dungeon)

   Slay:      It affects your accuracy & damage with ranged weapons and melee
   (+2).
Jewellery
 e - the ring "Kozimiel" (left hand) {Wiz rPois MP+9 Int+3}
   (You acquired it on level 1 of the Dungeon)

   [ring of wizardry]

   It improves your spell success rate.
   Int:       It affects your intelligence (+3).
   rPois:     It protects you from poison.
   MP:        It affects your magic capacity (+9).
 n - a ring of resist corrosion
Wands
 i - a wand of iceblast (12)
 y - a wand of mindburst (23)
Scrolls
 g - a scroll of blinking
 h - 2 scrolls of magic mapping
 j - 3 scrolls of vulnerability
 l - 11 scrolls of identify
 v - 2 scrolls of fog
 z - 3 scrolls of amnesia
 A - a scroll of teleportation {unknown}
Potions
 d - a potion of might
 f - 9 potions of curing
 k - a potion of magic {unknown}
 m - a potion of ambrosia
 o - a potion of degeneration {unknown}
 t - 3 potions of flight {unknown}
 u - 4 potions of mutation {unknown}
 w - a potion of haste {unknown}
 x - 2 potions of brilliance {unknown}


   Skills:
 + Level 9.2 Fighting
 + Level 13.3 Long Blades
 + Level 10.3 Armour
 + Level 5.6 Dodging
 + Level 1.8 Stealth
 + Level 11.0 Shields
 + Level 0.4 Invocations


You had 10 spell levels left.
You didn't know any spells.
Your spell library contained the following spells:

 Spells                   Type           Power      Damage    Failure   Level
 Stone Arrow              Conj/Erth      0%         3d7       94%         3
 Lehudib's Crystal Spear  Conj/Erth      0%         10d2      100%        8
 Animate Armour           Summ/Erth      Unusable   N/A       N/A         4

Dungeon Overview and Level Annotations

Branches:
Dungeon (10/15)            Temple (1/1) D:4            Lair (0/5) D:9
    Orc: D:9-12

Altars:
Ashenzari
Cheibriados
Dithmenos
Elyvilon
Fedhas
Gozag
Hepliaklqana
Kikubaaqudgha
Makhleb
Nemelex Xobeh
Okawaru
Qazlal
Ru
Sif Muna
Trog
Uskayaw
Vehumet
Wu Jian
Xom
Yredelemnul
Zin
The Shining One

Shops:
D:4 (   D:9 !   D:10 *


Innate Abilities, Weirdness & Mutations

You have a pair of horns on your head.
You reflexively headbutt those who attack you in melee.


Message History

You completely miss the brown ugly thing.
The brown ugly thing is severely wounded.
The brown ugly thing headbutts you!
* * * LOW HITPOINT WARNING * * *
You are splashed with acid!
* * * LOW HITPOINT WARNING * * *
You slash the brown ugly thing!
The brown ugly thing is almost dead.
You block the brown ugly thing's attack.
You hit the brown ugly thing.
The brown ugly thing is almost dead.
You feel like a meek peon again.
You hit the brown ugly thing but do no damage.
You headbutt the brown ugly thing, but do no damage.
The brown ugly thing is almost dead.
You block the brown ugly thing's attack.
You hit the brown ugly thing.
The brown ugly thing is almost dead.
You block the brown ugly thing's attack.
You hit the brown ugly thing but do no damage.
The brown ugly thing is almost dead.
You hit the brown ugly thing.
The brown ugly thing is almost dead.
You block the brown ugly thing's attack.
You closely miss the brown ugly thing. You headbutt the brown ugly thing.
The brown ugly thing is almost dead.
You block the brown ugly thing's attack.
You hit the brown ugly thing.
You kill the brown ugly thing!
Okawaru is honoured by your kill.
Your Shields skill increases to level 11!
You are no longer corroded.
Found a runed short sword.
You now have 380 gold pieces (gained 13).
A wizard comes into view.
It is wielding a +0 dagger and wearing a +2 leather armour of positive energy.
Items here: ( ))))))) [[ †††††.
The wizard shouts, "You can't withstand my power!"
The wizard gestures at you while chanting.
The fireball explodes!
The fireball engulfs you!!!
You die...

#...............##..#
#..##
####.............#..#
#...#
......#..#.......#..# #..#
.#....#..#.......#p.# #..
##.......##.....##..#####.
###.#..####.....#..#.....#
# ####.# ##....#.(........
# ### ##..##)..#####.. #
#..#@#### #...##
#.......... #.........#
###########


You could see a wizard.

Vanquished Creatures
  Erolcha (D:9)
  A two-headed ogre (D:10)
  A cyclops (D:10)
  2 ugly things (D:10)
  2 trolls
  2 hornets
  A shadow (D:10)
  19 yaks
  5 steam dragons
  Edmund (D:4)
  2 acid dragons (D:10)
  3 wargs
  A water moccasin (D:7)
  2 orc warriors
  2 ice beasts
  A black bear (D:7)
  A sky beast (D:7)
  10 centaurs
  A phantom (D:7)
  Blork the orc (D:4)
  5 bullfrogs
  5 kobold brigands
  A gnoll sergeant (D:6)
  4 scorpions
  8 wights
  11 killer bees
  4 howler monkeys
  A gnoll bouda (D:7)
  3 hounds
  2 jellies
  8 orc priests
  A sleepcap (D:6)
  3 iguanas
  7 orc wizards
  Robin (D:4)
  4 adders
  15 gnolls
  2 white imps
  2 ufetubi
  2 dart slugs
  45 orcs
  6 bats
  3 endoplasms
  4 giant cockroaches
  15 goblins
  8 hobgoblins
  4 jackals (D:4)
  31 kobolds
  3 quokkas
  4 ball pythons (D:3)
  A frilled lizard (D:1)
  7 rats
  A spectral orc (D:6)
280 creatures vanquished.

Vanquished Creatures (others)
  An orc (D:7)
1 creature vanquished.

Grand Total: 281 creatures vanquished

Notes
Turn   | Place    | Note
-------+----------+-------------------------------------------
     0 | D:1      | boopmooplesden the Minotaur Fighter began the quest for the
                  | Orb.
     0 | D:1      | Reached XP level 1. HP: 19/19 MP: 0/0
   148 | D:1      | Reached XP level 2. HP: 27/27 MP: 1/1
   776 | D:1      | Identified a scroll of acquirement
   776 | D:1      | Acquired the ring "Kozimiel" {Wiz rPois MP+9 Int+3}
   930 | D:2      | Reached XP level 3. HP: 33/33 MP: 2/2
   980 | D:2      | You fall into a shaft and drop 1 floor!
  1047 | D:3      | Reached skill level 3 in Long Blades
  1214 | D:3      | Found a glowing silver altar of Zin.
  1977 | D:2      | Reached XP level 4. HP: 40/40 MP: 3/3
  2231 | D:4      | Noticed Edmund
  2241 | D:4      | Killed Edmund
  2242 | D:4      | Reached skill level 4 in Long Blades
  2242 | D:4      | Reached skill level 1 in Dodging
  2242 | D:4      | Reached XP level 5. HP: 15/47 MP: 4/4
  2268 | D:4      | Noticed a centaur
  2294 | D:4      | Killed a centaur
  2295 | D:4      | Reached skill level 5 in Long Blades
  2295 | D:4      | Reached skill level 5 in Armour
  2295 | D:4      | Reached XP level 6. HP: 23/53 MP: 5/5
  2463 | D:4      | Noticed Blork the orc
  2471 | D:4      | Killed Blork the orc
  2530 | D:4      | Found a staircase to the Ecumenical Temple.
  2541 | D:4      | Found Byuf's Weapon Boutique.
  2550 | D:4      | Reached skill level 5 in Fighting
  2564 | Temple   | Entered the Ecumenical Temple
  2749 | Temple   | Became a worshipper of Warmaster Okawaru
  2880 | D:4      | Noticed Robin
  2904 | D:4      | Killed Robin
  2924 | D:4      | Found a broken altar of Ashenzari.
  2933 | D:4      | Found a snail-covered altar of Cheibriados.
  2948 | D:4      | Reached XP level 7. HP: 55/61 MP: 6/6
  3009 | D:4      | Reached skill level 6 in Long Blades
  3106 | D:4      | Found a hide-covered altar of Uskayaw.
  3153 | D:5      | Entered Level 5 of the Dungeon
  3789 | D:5      | Found a burning altar of Makhleb.
  4430 | D:6      | Reached skill level 5 in Shields
  4589 | D:6      | Found a basalt altar of Yredelemnul.
  4873 | D:6      | Reached * piety under Okawaru
  4874 | D:6      | Reached skill level 7 in Long Blades
  4895 | D:6      | Reached XP level 8. HP: 50/70 MP: 7/7
  5466 | D:7      | Found a shimmering altar of Xom.
  5466 | D:7      | Found a sacrificial altar of Ru.
  5468 | D:7      | Noticed a hornet
  5481 | D:7      | Killed a hornet
  5482 | D:7      | Reached skill level 1 in Stealth
  5488 | D:7      | Reached ** piety under Okawaru
  5624 | D:7      | Reached skill level 8 in Long Blades
  5849 | D:7      | Reached XP level 9. HP: 68/78 MP: 8/8
  5873 | D:7      | HP: 2/79 [steam dragon/ball of steam (7)]
  5881 | D:7      | Reached *** piety under Okawaru
  6757 | D:7      | Reached skill level 9 in Long Blades
  7603 | D:8      | Found a glowing golden altar of the Shining One.
  7632 | D:8      | Reached skill level 10 in Long Blades
  7795 | D:8      | Reached **** piety under Okawaru
  7805 | D:8      | Reached XP level 10. HP: 45/88 MP: 9/9
  8039 | D:8      | Received a gift from Okawaru
  8173 | D:8      | Identified the +8 long sword "Dynank" {speed, Str+3 Int+3}
  8565 | D:9      | Found a staircase to the Lair.
  8574 | D:9      | Reached skill level 11 in Long Blades
  8578 | D:10     | Entered Level 10 of the Dungeon
  8817 | D:10     | Found a stormy altar of Qazlal.
  8971 | D:9      | Found Ceshral's Distillery.
  8997 | D:9      | Noticed Erolcha
  8999 | D:9      | Reached ***** piety under Okawaru
  9013 | D:9      | Killed Erolcha
  9014 | D:9      | Reached skill level 12 in Long Blades
  9018 | D:9      | Reached skill level 10 in Armour
  9470 | D:9      | Found a bloodstained altar of Trog.
  9470 | D:9      | Found an opulent altar of Gozag.
  9494 | D:9      | Reached XP level 11. HP: 78/95 MP: 10/10
 10015 | D:9      | Reached skill level 10 in Shields
 10109 | D:9      | Found a white marble altar of Elyvilon.
 10111 | D:9      | Found a faded altar of an unknown god.
 10113 | D:9      | Found a faded altar of an unknown god.
 10203 | D:10     | Reached skill level 5 in Dodging
 10298 | D:10     | Found Qyfuvu Omuts's General Store.
 10307 | D:10     | Bought a +2 pair of boots of stealth for 344 gold pieces
 10420 | D:10     | Noticed a two-headed ogre
 10434 | D:10     | Identified the +0 hat of Mental Paralysis {Slay+2} (Okawaru
                  | gifted it to you on level 10 of the Dungeon)
 10434 | D:10     | Received a gift from Okawaru
 10453 | D:10     | Killed a two-headed ogre
 10454 | D:10     | Reached skill level 13 in Long Blades
 10462 | D:10     | Noticed a white ugly thing
 10465 | D:10     | Noticed a brown ugly thing
 10484 | D:10     | Killed a white ugly thing
 10498 | D:10     | Killed a brown ugly thing
 10503 | D:10     | Noticed a wizard
 10508 | D:10     | Killed from afar by a wizard

Illustrated notes

Levels and vault maps discovered:
D:1:      erik_arrival_orb_chamber, layout_loops_ring
D:2:      layout_loops_ring
D:3:      layout_basic, zin_scriptorium
D:4:      layout_rooms, nicolae_overflow_hidden_temple,
          mainiacjoe_overflow_large_starburst, minmay_temple_entry_crystal_x,
          serial_shops, shop, uniq_edmund, uniq_blork_the_orc, uniq_robin
D:5:      layout_loops_ring, makhleb_blood_cavern_becter,
          chequers_hall_statues_wall_a
D:6:      layout_basic, yredelemnul_forgotten_temple_becter
D:7:      minmay_thinvault, layout_basic, jmf_multi_god_temple
D:8:      layout_loops_ring, overflow_temple_1_default, minmay_between
D:9:      layout_rooms, chequers_temple_overflow_minitemple,
          erik_lair_orcish_takeover, special_room [special_room_orc],
          serial_shops, shop, uniq_erolcha
D:10:     layout_cave_pools, general_overflow_altar, serial_shops,
          nicolae_shop_stone, minmay_pinched_square
Temple:   nicolae_temple_bog_church

Skill      XL: |  1  2  3  4  5  6  7  8  9 10 11 |
---------------+----------------------------------+-----
Fighting       | 4 5 6 7 8 9 |  9.2
Armour         | 4 5 6 8 9 10 | 10.3
Shields        | 4 5 6 7 9 11 | 11.0
Long Blades    | 3 4 5 7 8 10 12 13 | 13.3
Dodging        | 1 2 3 4 5 |  5.6
Stealth        | 1 |  1.8
Invocations    | |  0.4

Action                     |  1- 3 |  4- 6 |  7- 9 | 10-12 || total
---------------------------+-------+-------+-------+-------++-------
  Melee: Long sword        |    96 |    95 |   297 |   332 ||   820
         Headbutt          |    10 |    13 |    52 |    77 ||   152
 Invoke: Heroism           |       |       |     2 |     2 ||     4
    Use: Scroll            |     6 |       |    12 |     4 ||    22
         Potion            |       |     2 |     5 |       ||     7
 Armour: Scale mail        |    72 |    86 |   156 |    72 ||   386
  Dodge: Dodged            |    56 |    74 |   150 |    91 ||   371
  Block: Buckler           |    31 |    30 |    73 |       ||   134
         Tower shield      |       |       |    46 |   320 ||   366
